Map: Blackburn LE

Players

SortOf

  • Race: Zerg Zerg

Clem - Winner!

  • Race: Terran Terran

Event: DreamHack SC2 Masters 2021 Winter

VOD

Have the link to the VOD?

Description

Time

  • Played on: Oct. 6, 2021, 11:02 a.m.
  • Length: 8:24

All games in this series

Show
View Real Time Build Order
Export as new Build Order

SortOf Zerg 

Build Orders: Hatch First 

Get SALT Encoding   

  12  0:00  Drone  
  13  0:12  Overlord  
  13  0:16  Drone  
  14  0:30  Drone x2  
  16  0:48  Hatchery  
  15  0:51  Drone  
  15  0:55  Drone  
  17  0:57  Drone  
  18  1:09  Extractor  
  17  1:13  Spawning Pool  
  17  1:17  Drone  
  17  1:19  Drone  
  18  1:28  Drone  
  19  1:38  Drone  
  20  1:49  Drone  
  21  2:00  Queen x2  
  25  2:01  Zergling x4  
  27  2:11  Overlord  
  27  2:12  Zergling x2  
  28  2:21  Hatchery  
  27  2:25  Drone  
  28  2:30  Drone  
  28  2:35  Drone  
  30  2:41  Queen  
  32  2:46  Drone  
  32  2:48  Overlord  
  33  2:51  Metabolic Boost  
  33  2:57  Drone x2  
  35  3:05  Drone  
  35  3:07  Queen  
  38  3:13  Overlord  
  38  3:14  Drone  
  38  3:17  Drone  
  40  3:20  Drone x2  
  40  3:23  Drone  
  43  3:30  Queen  
  43  3:33  Overlord  
  45  3:35  Drone  
  46  3:43  Drone  
  46  3:44  Queen  
  49  3:50  Overlord  
  49  3:51  Drone x3  
  52  3:57  Drone x2  
  52  4:00  Queen  
  55  4:03  Drone  
  55  4:04  Drone  
  55  4:07  Zergling x4  
  59  4:10  Zergling x2  
  59  4:16  Drone x2, Baneling Nest  
  61  4:20  Drone x2  
  61  4:23  Drone x2  
  65  4:29  Drone  
  65  4:31  Spore Crawler  
  65  4:32  Spore Crawler  
  65  4:33  Drone, Spore Crawler  
  65  4:35  Drone, Spore Crawler  
  64  4:39  Drone x2  
  64  4:40  Drone  
  64  4:44  Zergling x4  
  69  4:48  Drone  
  69  4:49  Lair  
  69  4:51  Extractor  
  69  4:55  Drone x4  
  69  4:58  Extractor  
  69  4:59  Extractor, Overlord  
  71  5:01  Drone  
  72  5:11  Drone x2  
  74  5:15  Extractor  
  74  5:16  Overlord  
  74  5:19  Overlord  
  74  5:21  Drone x5, Hatchery  
  78  5:26  Drone x2  
  79  5:31  Drone x3, Extractor  
  81  5:37  Drone x4  
  85  5:45  Overlord  
  85  5:46  Overseer  
  85  5:52  Overlord  
  82  5:58  Centrifugal Hooks  
  82  5:59  Spire  
  82  6:02  Drone  
  82  6:03  Drone x2  
  82  6:04  Drone x3  
  82  6:06  Drone x2  
  82  6:07  Overlord  
  82  6:08  Zergling x6  
  89  6:13  Zergling x4  
  91  6:19  Queen  
  96  6:25  Zergling x6  
  96  6:27  Overlord  
  96  6:30  Zergling x6  
  96  6:32  Baneling x5  
  99  6:35  Zergling x12  
  105  6:40  Overlord  
  105  6:42  Zergling x4  
  107  6:47  Zergling x8  
  111  6:56  Zergling x12  
  111  6:57  Zergling x2  
  109  7:12  Mutalisk x8  
  111  7:17  Mutalisk x2  
  111  7:20  Baneling x2  
  111  7:22  Mutalisk  
  116  7:33  Mutalisk x3, Overlord  
  116  7:34  Zergling x4  
  124  7:40  Zergling x10  
  124  7:41  Baneling  
  122  7:57  Zergling x26  
  125  8:05  Baneling x2  
  117  8:07  Zergling x10  
Show
View Real Time Build Order
Export as new Build Order

Clem Terran - Winner!

Build Orders: Reaper Expand, Hellion Banshee 

Get SALT Encoding   

  12  0:00  SCV  
  13  0:12  SCV  
  14  0:16  Supply Depot  
  14  0:24  SCV  
  15  0:38  SCV  
  15  0:39  Barracks  
  16  0:43  Refinery  
  16  0:50  SCV  
  17  1:02  SCV  
  18  1:14  SCV  
  19  1:26  Reaper  
  19  1:27  Orbital Command  
  20  1:40  Command Center  
  20  1:47  Supply Depot  
  20  1:52  SCV  
  21  1:58  Marine  
  22  2:04  SCV  
  23  2:10  Factory  
  23  2:16  SCV  
  23  2:17  Refinery  
  23  2:20  Barracks Reactor  
  24  2:28  SCV  
  25  2:40  SCV  
  26  2:52  Orbital Command  
  26  2:53  SCV  
  26  2:56  Starport  
  27  3:02  Hellion  
  27  3:03  Hellion  
  27  3:05  SCV  
  32  3:09  Barracks Tech Lab  
  32  3:13  Supply Depot  
  32  3:17  SCV x2  
  34  3:23  Hellion  
  34  3:24  Hellion  
  38  3:29  SCV  
  38  3:30  SCV  
  40  3:38  Supply Depot  
  40  3:40  Banshee  
  40  3:41  SCV  
  43  3:43  Cloaking Field, SCV  
  46  3:48  Hellion  
  46  3:51  Hellion  
  46  3:52  Barracks Tech Lab  
  46  3:53  SCV  
  49  3:55  SCV  
  49  4:02  Supply Depot  
  50  4:06  SCV  
  50  4:08  SCV  
  52  4:10  Stimpack  
  52  4:19  Command Center  
  52  4:22  SCV  
  52  4:23  SCV  
  54  4:27  Banshee  
  57  4:34  SCV, Barracks  
  57  4:35  Factory Reactor  
  57  4:36  SCV  
  59  4:40  Barracks  
  59  4:42  Marine  
  60  4:46  SCV  
  60  4:49  SCV  
  60  4:52  Engineering Bay  
  62  4:54  Engineering Bay  
  62  4:58  SCV  
  63  5:00  Marine  
  63  5:01  SCV  
  63  5:02  Refinery  
  63  5:03  Refinery  
  65  5:10  SCV  
  65  5:12  Supply Depot  
  65  5:13  SCV  
  67  5:17  Marine  
  67  5:20  Terran Infantry Weapons Level 1  
  68  5:21  Terran Infantry Armor Level 1  
  68  5:22  Supply Depot, SCV  
  68  5:23  Starport Reactor  
  68  5:25  SCV  
  70  5:31  Marine x4  
  70  5:35  Supply Depot, SCV  
  75  5:37  Marine  
  75  5:40  SCV  
  77  5:47  SCV  
  77  5:48  Marine  
  79  5:50  Combat Shield  
  79  5:51  Marine  
  79  5:52  SCV  
  79  5:54  Marine  
  82  5:57  Marine  
  82  5:59  SCV, Siege Tank  
  82  6:02  Orbital Command  
  84  6:04  SCV  
  84  6:06  Marine  
  84  6:07  Supply Depot x2  
  84  6:09  Medivac  
  84  6:11  Medivac  
  90  6:12  Marine x2  
  90  6:14  SCV  
  90  6:17  Supply Depot  
  93  6:19  SCV, Marine x2  
  93  6:25  Marine  
  96  6:28  SCV x2  
  96  6:29  Barracks  
  96  6:31  Barracks  
  99  6:35  Siege Tank  
  99  6:38  Supply Depot, SCV, Marine  
  104  6:40  Marine  
  104  6:43  SCV  
  104  6:45  SCV, Armory  
  107  6:52  Marine x3  
  107  6:53  Supply Depot  
  110  6:55  SCV  
  110  6:56  Medivac x2  
  110  6:59  SCV  
  110  7:01  Supply Depot  
  116  7:04  Marine  
  117  7:10  Marine  
  117  7:11  SCV, Marine  
  117  7:12  Marine  
  117  7:14  Siege Tank  
  120  7:19  Barracks Reactor, Barracks  
  120  7:20  Barracks Reactor, Barracks  
  120  7:21  Marine, Barracks  
  121  7:26  SCV, Marine  
  121  7:27  SCV  
  121  7:28  Medivac  
  124  7:30  Marine  
  124  7:31  Marine  
  126  7:37  Refinery  
  126  7:39  Marine x2  
  128  7:46  Supply Depot, Marine  
  128  7:53  Missile Turret  
  128  7:55  Missile Turret x2  
  128  7:56  Marine x2  
  128  7:57  Marine x2  
  124  7:58  Marine  
  124  8:04  Marine  
  124  8:05  Marine x2  
  131  8:06  Marine x2  

Tags
 
Add a new tag
Caveats
  • Supply blocks, unpowered buildings, or Contaminate may cause inaccurate times.
  • Supply counts are checked every 10 seconds.